 Dungeon Crawl Stone Soup version 0.19.0-16-g73b5abf (webtiles) character file.

99 MovingMist the Skirmisher (level 4, 0/38 HPs)
             Began as a Demonspawn Fighter on Nov 10, 2016.
             Was an Initiate of Okawaru.
             Killed by nerve-wracking pain
             ... invoked by a shadow imp
             ... summoned by Natasha
              (12 damage)
             ... on level 3 of the Dungeon.
             The game lasted 00:05:11 (1745 turns).

MovingMist the Skirmisher (Demonspawn Fighter)      Turns: 1745, Time: 00:05:13

Health: 0/38       AC: 13    Str: 16    XL:     4   Next: 45%
Magic:  4/4        EV:  6    Int:  9    God:    Okawaru [......]
Gold:   71         SH:  8    Dex: 14    Spells: 0 memorised, 3 levels left

rFire  . . .     SeeInvis .     a - +0 long sword
rCold  . . .     Gourm    .     r - +4 scale mail {rPois}
rNeg   . . .     Faith    .     c - +0 shield
rPois  +         Spirit   .     e - +0 helmet
rElec  .         Reflect  .     m - +0 cloak
rCorr  .         Harm     .     (no gloves)
MR     .....                    (no boots)
Stlth  ..........               (no amulet)
                                (no ring)
                                (no ring)

@: slowed, drained, very slow
A: rugged brown scales 1, powered by pain 1
a: Renounce Religion


You were on level 3 of the Dungeon.
You worshipped Okawaru.
Okawaru was noncommittal.
You were not hungry.

You visited 1 branch of the dungeon, and saw 3 of its levels.

You collected 71 gold pieces.

Inventory:

Hand Weapons
 a - a +0 long sword (weapon)
Armour
 c - a +0 shield (worn)
 e - a +0 helmet (worn)
 m - a +0 cloak (worn)
 r - a +4 scale mail of poison resistance (worn)
 t - a cursed +0 plate armour
Scrolls
 g - a scroll of enchant weapon {unknown}
 h - a scroll of immolation {unknown}
 i - 2 scrolls of fog {unknown}
 n - 2 scrolls of random uselessness {unknown}
 s - a scroll of enchant armour {unknown}
 u - a scroll of magic mapping {unknown}
 w - a scroll of amnesia {unknown}
 x - a scroll of noise {unknown}
Potions
 b - a potion of mutation {unknown}
 d - 2 potions of might
 k - 2 potions of cancellation {unknown}
 l - a potion of magic {unknown}
 o - a potion of flight {unknown}
 q - a potion of berserk rage {unknown}
 v - a potion of curing {unknown}
Comestibles
 f - 2 bread rations
 j - 6 meat rations
 p - 2 slices of pizza
 z - 2 chunks of flesh


   Skills:
 * Level 4.1(3.4) Fighting
 + Level 2.4(1.7) Long Blades
 + Level 3.1(2.4) Armour
 + Level 3.1(2.4) Shields


You had 3 spell levels left.
You didn't know any spells.

Dungeon Overview and Level Annotations

Branches:
Dungeon (3/15)

Altars:
Okawaru

Annotations:
D:3 Natasha


Innate Abilities, Weirdness & Mutations

You are partially covered in rugged brown scales. (AC +1, +3% HP)
You sometimes gain a little power by taking damage.


Message History

Natasha stares at you and mumbles some strange words.
The magic dart hits you! You block the iron imp's attack.
The shadow imp barely misses you.
You miss Natasha.
Natasha is almost dead.
The crimson imp disappears in a puff of smoke!
Natasha zaps a wand.
The puff of flame hits you! The shadow imp gestures at you.
Pain shoots through your body! You block the iron imp's attack.
Natasha claws you but does no damage.
The shadow imp hits you but does no damage.
The iron imp hits you but does no damage.
You miss Natasha.
Natasha is almost dead.
Natasha is no longer unusually agile.
You block Natasha's attack. You block the shadow imp's attack.
The iron imp barely misses you. Natasha claws you but does no damage.
The shadow imp gestures at you. Pain shoots through your body!
You die...

#...)..# #........#
#......# #........+
#......# ##........#
#......# #.........
#......# #........#
#......# #........#
#......## #......5.#
##.......
##h@#########.......
#..5.......##.......
#..........'........
#..........##.......
#.......).[#########
#..........#
#..........#
#..........#
#..........#


You could see an iron imp, Natasha and a shadow imp.

Vanquished Creatures
  Terence (D:2)
  Robin (D:2)
  A worm (D:3)
  A dart slug (D:2)
  A leopard gecko (D:1)
  An orc (D:3)
  3 giant cockroaches
  11 goblins
  8 hobgoblins
  3 jackals (D:3)
  6 kobolds
  A ball python (D:1)
  11 bats
  3 frilled lizards (D:1)
  7 rats
59 creatures vanquished.

Notes
Turn   | Place    | Note
-------+----------+-------------------------------------------
     0 | D:1      | MovingMist the Demonspawn Fighter began the quest for the Orb.
     0 | D:1      | Reached XP level 1. HP: 18/18 MP: 1/1
   399 | D:1      | Gained mutation: You are partially covered in rugged brown scales. (AC +1, +3% HP) [demonic ancestry]
   399 | D:1      | Reached XP level 2. HP: 15/24 MP: 2/2
   472 | D:1      | Found an iron altar of Okawaru.
   494 | D:1      | Became a worshipper of Warmaster Okawaru
   714 | D:2      | Noticed Terence
   733 | D:2      | Killed Terence
   733 | D:2      | Gained mutation: You sometimes gain a little power by taking damage. [demonic ancestry]
   733 | D:2      | Reached XP level 3. HP: 22/30 MP: 3/3
   864 | D:2      | Found a faded altar of an unknown god.
  1020 | D:2      | Noticed Robin
  1052 | D:2      | Killed Robin
  1052 | D:2      | Reached skill level 4 in Fighting
  1052 | D:2      | Reached XP level 4. HP: 24/38 MP: 4/4
  1719 | D:3      | Noticed Natasha
  1745 | D:3      | Killed from afar by a shadow imp

Skill      XL: |  1  2  3 |
---------------+----------+-----
Long Blades    | 2 |  2.4
Shields        | 3 |  3.1
Armour         | 3 |  3.1
Fighting       | 4 |  4.1

Action                   |  1- 3 |  4- 6 || total
-------------------------+-------+-------++-------
Melee: Long sword        |   150 |    82 ||   232
  Eat: Chunk             |     1 |     2 ||     3
Armor: Scale mail        |    83 |    66 ||   149
Dodge: Dodged            |    49 |    28 ||    77
Block: Shield            |   101 |    41 ||   142
       Rpst.: Long sword |    19 |    14 ||    33
